 Dungeon Crawl Stone Soup version 0.27-a0-1202-ge72e49191c (webtiles) character file.

Game seed: 18407173485237802489

283 hilljack the Covered (level 6, -2/82 HPs)
             Began as a Minotaur Fighter on June 4, 2021.
             Slain by a hornet zombie (9 damage)
             ... on level 3 of the Dungeon.
             The game lasted 00:04:50 (2018 turns).

hilljack the Covered (Minotaur Fighter)             Turns: 2018, Time: 00:04:50

Health: -2/82      AC:  7    Str: 21    XL:     6   Next: 7%
Magic:  5/5        EV:  8    Int:  5    God:
Gold:   38         SH: 10    Dex: 11    Spells: 5/5 levels left

rFire    . . .     SeeInvis .   a - +0 long sword
rCold    . . .     Faith    .   c - +0 kite shield
rNeg     . . .     Spirit   .   g - +0 scale mail
rPois    .         Reflect  .   (helmet restricted)
rElec    .         Harm     .   (no cloak)
rCorr    .         Rampage  .   (no gloves)
Will     .....                  (no boots)
Stlth    ..........             (no amulet)
HPRegen  0.23/turn              (no ring)
MPRegen  0.09/turn              (no ring)

@: berserking, very quick
A: horns 2, retaliatory headbutt
a: no special abilities


You were on level 3 of the Dungeon.
You visited 1 branch of the dungeon, and saw 3 of its levels.

You collected 38 gold pieces.

Inventory:

Hand Weapons
 a - a +0 long sword (weapon)
 b - a +0 hunting sling
 e - a +0 short sword of venom
Missiles
 d - 18 poisoned darts (quivered)
 i - 38 stones
Armour
 c - a +0 kite shield (worn)
 g - a +0 scale mail (worn)
Jewellery
 k - an amulet of the acrobat
Scrolls
 h - a scroll of magic mapping


   Skills:
 + Level 4.8 Fighting
 + Level 4.0 Long Blades
 + Level 5.0 Armour
 + Level 2.6 Dodging
 + Level 4.9 Shields


You had 5 spell levels left.
You didn't know any spells.
Your spell library was empty.

Dungeon Overview and Level Annotations

Branches:
Dungeon (3/15)

Altars:
Xom


Innate Abilities, Weirdness & Mutations

You have a pair of horns on your head.
You reflexively headbutt those who attack you in melee.


Message History

The puff of flame hits you.
* * * LOW HITPOINT WARNING * * *
A quokka comes into view.
You closely miss the quokka.
The quokka bites you but does no damage.
You slash the quokka!
You kill the quokka!
Your Armour skill increases to level 5!
The orc wizard gestures at you while chanting.
The puff of flame hits you.
* * * LOW HITPOINT WARNING * * *
A quokka comes into view.
The quokka bites you.
* * * LOW HITPOINT WARNING * * *
You block the quokka's attack. You block the quokka's attack.
The quokka bites you but does no damage.
Found a metallic dark potion.
The hornet zombie misses you. The hornet zombie hits you.
* * * LOW HITPOINT WARNING * * *
You block the hornet zombie's attack.
You see here a metallic dark potion.
f - a metallic dark potion You block the quokka's attack.
You block the hornet zombie's attack.
It was a potion of berserk rage.
A red film seems to cover your vision as you go berserk!
You feel yourself moving faster!
You feel mighty! The quokka barely misses you. The hornet zombie hits you.
* * * LOW HITPOINT WARNING * * *
The quokka closely misses you.
You barely miss the hornet zombie. You headbutt the hornet zombie!
The hornet zombie is severely damaged.
The hornet zombie hits you but does no damage.
You block the quokka's attack.
The orc wizard gestures at itself while chanting.
The orc wizard flickers and vanishes!
Deactivating autopickup; reactivate with Ctrl-A.
The hornet zombie hits you!
You die...

.,,,,*#.# #...# *,,,,,,,,,,*,*
...,,*#.# #...# *,,,,,,,,,,*,*
.....##.###.:.# ###***********,*
(...(..w.Z....# #..,,,* *,*
.#.####.###...# #.###,* *,* ,*,*
#.# #...# #.#.#,* *,* ,*,* #.#
##.## #.#.#,* *,* ,*,* #.#
#.####...#,* *,* ,,,* #.#
#....@r..#,* *** *,* *,,*
#.#**###...Z{.#,* *,* *,* *,,*
#..,,,,#.####.#,***,* *,*
,,,****,,,,,,#.*#...#,,,,,* *,*
**,,,,,,,,,,,#,##.#######,****,**
**,***,******,#.........,,,,,,*,
*,**,,,,,,,,,#..#######,,,,,,,,
***,**,,*******#.o#########*****,
,,,,**,,*******#......o...# *,


You could see a hornet zombie and a quokka.

Vanquished Creatures
  Sigmund (D:2)
  Natasha (twice) (D:3)
  4 adders
  A worm (D:3)
  An orc (D:3)
  2 bats
  An endoplasm (D:1)
  5 giant cockroaches
  2 goblins
  5 hobgoblins
  4 jackals (D:1)
  3 quokkas
  5 ball pythons
  2 frilled lizards (D:1)
  4 kobolds (D:1)
  4 rats (D:1)
46 creatures vanquished.

Notes
Turn   | Place    | Note
-------+----------+-------------------------------------------
     0 | D:1      | hilljack the Minotaur Fighter began the quest for the Orb.
     0 | D:1      | Reached XP level 1. HP: 19/19 MP: 0/0
   271 | D:1      | Reached XP level 2. HP: 19/27 MP: 1/1
   630 | D:1      | Reached skill level 1 in Dodging
   760 | D:1      | Found a faded altar of an unknown god.
   801 | D:1      | You fall into a shaft and drop 1 floor!
   809 | D:2      | Reached skill level 4 in Armour
   809 | D:2      | Reached XP level 3. HP: 29/33 MP: 2/2
   873 | D:2      | Noticed Sigmund
   889 | D:2      | Killed Sigmund
   890 | D:2      | Reached XP level 4. HP: 27/41 MP: 3/3
   890 | D:2      | Reached XP level 5. HP: 31/47 MP: 4/4
  1166 | D:2      | Found a shimmering altar of Xom.
  1651 | D:3      | Noticed Natasha
  1667 | D:3      | Killed Natasha
  1746 | D:3      | Noticed Natasha
  1764 | D:3      | Killed Natasha
  1765 | D:3      | Reached XP level 6. HP: 38/55 MP: 5/5
  2005 | D:3      | Reached skill level 5 in Armour
  2018 | D:3      | Slain by a hornet zombie

Illustrated notes

Levels and vault maps discovered:
D:1:      minmay_arrival_semitransparent, layout_basic,
          ebering_ecumenical_altar_webs
D:2:      layout_rooms, basic_altar, uniq_sigmund
D:3:      layout_basic, uniq_natasha

Skill      XL: |  1  2  3  4  5  6 |
---------------+-------------------+-----
Dodging        | 1 2 |  2.6
Fighting       | 4 |  4.8
Armour         | 4 5 |  5.0
Shields        | 4 |  4.9
Long Blades    | 3 4 |  4.0

Action                   |  1- 3 |  4- 6 || total
-------------------------+-------+-------++-------
Melee: Long sword        |    56 |    60 ||   116
       Headbutt          |     7 |    15 ||    22
 Fire: Hunting sling     |       |    11 ||    11
  Use: Potion            |     3 |     2 ||     5
       Scroll            |       |     2 ||     2
Armor: Scale mail        |    33 |    25 ||    58
Dodge: Dodged            |    19 |    21 ||    40
Block: Kite shield       |    37 |    35 ||    72
       Rpst.: Long sword |     4 |     2 ||     6

Table legend: (Time is in decaauts)
 A = Elapsed time spent in this place.
 B = Non-inter-level travel time spent in this place.
 C = Inter-level travel time spent in this place.
 D = Time resting spent in this place.
 E = Time spent auto-exploring this place.
 F = Levels seen in this place.
 G = Mean time per level.
                   A        B        C        D        E       F      G
               +--------+--------+--------+--------+--------+-----+--------+
         Total |   2053 |   2002 |     51 |    588 |   1028 |   3 |  684.3 |
       Dungeon |   2053 |   2002 |     51 |    588 |   1028 |   3 |  684.3 |
               +--------+--------+--------+--------+--------+-----+--------+

Top non-repeatable levels by time:
     D:1: 1057 daAuts
     D:2: 596 daAuts
     D:3: 398 daAuts
